 Dungeon Crawl Stone Soup version 0.30-a0-297-g0ec75d9ef4 (webtiles) character file.

Game seed: 6532683378308054735

137 KennySheep the Conjurer (level 4, 0/33 HPs)
             Began as a Demigod Conjurer on Oct 19, 2022.
             Succumbed to a kobold's poison
             ... on level 4 of the Dungeon.
             The game lasted 00:08:37 (2994 turns).

KennySheep the Conjurer (Demigod Conjurer)          Turns: 2994, Time: 00:08:38

Health: 0/33       AC:  4    Str:  8    XL:     4   Next: 69%
Magic:  11/11      EV: 11    Int: 24    God:
Gold:   10         SH:  0    Dex: 12    Spells: 5/8 levels left

rFire   . . .      SeeInvis .    c - +0 dagger
rCold   . . .      Faith    .    (no shield)
rNeg    . . .      Spirit   .    s - +0 leather armour
rPois   .          Reflect  .    (no helmet)
rElec   .          Harm     .    r - +0 cloak
rCorr   .          Rampage  .    (no gloves)
Will    .....                    (no boots)
Stlth   ++........               d - amulet of magic regeneration
HPRegen 0.25/turn                (no ring)
MPRegen 0.52/turn                (no ring)

@: lethally poisoned (0 -> -8), hasted, studying Throwing, very quick
A: high MP 1, forlorn, divine attributes
a: no special abilities


You were on level 4 of the Dungeon.
You visited 1 branch of the dungeon, and saw 4 of its levels.

You collected 157 gold pieces.
You spent 147 gold pieces at shops.

Inventory:

Hand Weapons
 c - a +0 dagger (weapon)
Armour
 r - a +0 cloak (worn)
 s - a +0 leather armour (worn)
 u - a +0 pair of boots
 v - +0 fire dragon scales
Jewellery
 d - an amulet of magic regeneration (around neck)
Scrolls
 a - a scroll of identify
 e - 2 scrolls of enchant armour {unknown}
 f - a scroll of fog
 g - a scroll of torment {unknown}
 h - a scroll of silence {unknown}
 j - a scroll of amnesia {unknown}
 l - a scroll of vulnerability
 n - 2 scrolls of teleportation
 q - a scroll of magic mapping
Potions
 b - a potion of magic
 i - a potion of invisibility
 k - a potion of attraction
 o - a potion of curing {unknown}
 p - a potion of heal wounds {unknown}
 t - a potion of might {unknown}


   Skills:
 - Level 1.7 Dodging
 - Level 1.7 Stealth
 + Level 2.8 Spellcasting
 * Level 5.2 Conjurations


You had 5 spell levels left.
You knew the following spells:

 Your Spells              Type           Power      Damage    Failure   Level
a - Magic Dart            Conj           100%       1d8       1%          1
b - Searing Ray           Conj           56%        2d6       2%          2

Your spell library contained the following spells:

 Spells                   Type           Power      Damage    Failure   Level
 Dazzling Flash           Conj/Hex       30%        N/A       17%         3
 Cigotuvi's Dreadful Rot  Necr/Pois/Air  6%         N/A       24%         2
 Poisonous Vapours        Pois/Air       6%         N/A       24%         2
 Mephitic Cloud           Conj/Pois/Air  11%        N/A       24%         3
 Fulminant Prism          Conj/Hex       7%         3d7       50%         4
 Iskenderun's Mystic Bla  Conj/Tloc      15%        2d5       50%         4


Dungeon Overview and Level Annotations

Branches:
Dungeon (4/15)
 Temple: D:4-7

Shops:
D:2 *

Annotations:
D:4 Menkaure, Natasha


Innate Abilities, Weirdness & Mutations

You have an increased reservoir of magic. (+10% MP)
You shall have no god before yourself.
Your divine heritage dramatically boosts your attributes as you level up.


Message History

A goblin comes into view. It is wielding a +0 dagger.
Found 5 datura-tipped darts.
Found a stone staircase leading down.
A goblin is nearby!
The magic dart hits the goblin.
The goblin is moderately wounded.
The goblin shouts!
You hear a shout!
You hear an angry hiss.
A ball python comes into view.
The magic dart hits the ball python!
You kill the ball python!
Natasha, Servant of Life and Death comes into view.
Menkaure, Prince of Dust comes into view.
Natasha moves out of view.
An ogre comes into view. It is wielding a +0 giant club.
Found a pair of boots.
You see here a +0 pair of boots.
u - a +0 pair of boots
Found fire dragon scales.
You see here +0 fire dragon scales. v - +0 fire dragon scales The goblin attacks as you move away!
The goblin closely misses you. The goblin attacks as you move away!
The goblin hits you but does no damage.
A kobold comes into view.
It is wielding a +0 short sword and quivering poisoned darts.
The goblin attacks as you move away! The goblin barely misses you.
Found a stone staircase leading up.
The goblin attacks as you move away! The goblin barely misses you.
An iguana comes into view.
Found a stone staircase leading up.
The goblin attacks as you move away! The goblin closely misses you.
The kobold shouts!
You hear an angry hiss.
The goblin attacks as you move away! The goblin hits you but does no damage.
The iguana bites you! The goblin attacks as you move away!
The goblin completely misses you. The iguana bites you!
The iguana attacks as you move away! The iguana bites you!
* * * LOW HITPOINT WARNING * * *
The kobold throws a poisoned dart.
The poisoned dart hits you!
You are lethally poisoned!
There is a stone staircase leading up here.
It was a potion of haste.
You feel yourself speed up.
You die...

..#M.# #.#
....##
######.#####
##....#
#..........#
g####..
#..........#
.#
#..........#
..
............#
...
.#....K.....#
..MO
#......lg..#
....
#......@...#
#......<...#
############


You could see an iguana, a goblin and a kobold.

Vanquished Creatures
  Natasha (D:4)
  5 adders (D:3)
  An ufetubus (D:3)
  2 dart slugs (D:1)
  3 orcs (D:2)
  3 ball pythons
  4 endoplasms
  2 giant cockroaches
  7 goblins
  3 hobgoblins
  4 jackals (D:2)
  4 kobolds
  3 quokkas
  3 bats
  3 frilled lizards
  4 rats
52 creatures vanquished.

Notes
Turn   | Place    | Note
-------+----------+-------------------------------------------
     0 | D:1      | KennySheep the Demigod Conjurer began the quest for the
                  | Orb.
     0 | D:1      | Reached XP level 1. HP: 14/14 MP: 5/5
   358 | D:1      | Reached XP level 2. HP: 20/20 MP: 4/7
   399 | D:1      | Reached skill level 4 in Conjurations
  1486 | D:2      | Reached XP level 3. HP: 26/26 MP: 6/9
  1766 | D:2      | Learned a level 2 spell: Searing Ray
  1900 | D:2      | Found Woos's Assorted Antiques.
  1925 | D:2      | Bought a scroll labelled NUTSE WEEMAA for 26 gold pieces
  1925 | D:2      | Bought a scroll labelled AKLAIZ MENGAAG for 26 gold pieces
  1925 | D:2      | Bought a scroll labelled NUTSE WEEMAA for 26 gold pieces
  1925 | D:2      | Bought a ruby potion for 23 gold pieces
  2118 | D:3      | Reached XP level 4. HP: 33/33 MP: 1/10
  2520 | D:3      | Reached skill level 5 in Conjurations
  2765 | D:2      | Bought 2 fuming coppery potions for 46 gold pieces
  2865 | D:4      | Noticed Natasha
  2869 | D:4      | Killed Natasha
  2954 | D:4      | Noticed Natasha
  2954 | D:4      | Noticed Menkaure
  2955 | D:4      | Noticed an ogre
  2993 | D:4      | HP: 1/33 [iguana (12)]
  2994 | D:4      | Succumbed to a kobold's poison

Illustrated notes

Levels and vault maps discovered:
D:1:      psy_arrival_spokes, layout_basic
D:2:      layout_rooms, serial_shops, nicolae_square_shop
D:3:      layout_loops_cross, serial_park_tiny_pond, chequers_garden
D:4:      layout_rooms, minmay_temple_entry_butterflies, uniq_menkaure,
          uniq_natasha

Skill      XL: |  1  2  3  4 |
---------------+-------------+-----
Spellcasting   | 2 |  2.8
Conjurations   | 4 5 |  5.2
Dodging        | |  1.7
Stealth        | |  1.7

Action                   |  1- 3 |  4- 6 || total
-------------------------+-------+-------++-------
Melee: Dagger            |    12 |       ||    12
       Punch             |     1 |       ||     1
 Cast: Magic Dart        |    88 |    14 ||   102
       Searing Ray       |       |     1 ||     1
  Use: Scroll            |     3 |     1 ||     4
       Potion            |       |     3 ||     3
Armor: Robe              |     6 |       ||     6
       Leather armour    |       |     2 ||     2
Dodge: Dodged            |    21 |     5 ||    26

Table legend: (Time is in decaauts)
 A = Elapsed time spent in this place.
 B = Non-inter-level travel time spent in this place.
 C = Inter-level travel time spent in this place.
 D = Time resting spent in this place.
 E = Time spent auto-exploring this place.
 F = Levels seen in this place.
 G = Mean time per level.
                   A        B        C        D        E       F      G
               +--------+--------+--------+--------+--------+-----+--------+
         Total |   2993 |   2873 |    120 |    151 |   2380 |   4 |  748.2 |
       Dungeon |   2993 |   2873 |    120 |    151 |   2380 |   4 |  748.2 |
               +--------+--------+--------+--------+--------+-----+--------+

Top non-repeatable levels by time:
     D:1: 1335 daAuts
     D:3: 776 daAuts
     D:2: 753 daAuts
     D:4: 128 daAuts
